 Dungeon Crawl Stone Soup version 0.26-a0-611-g354ed81502 (webtiles) character file.

Game seed: 4718905272134063092

301 Gargoyl the Skirmisher (level 6, -7/53 HPs)
             Began as a Gnoll Abyssal Knight on Sept 5, 2020.
             Was a Believer of Lugonu.
             Mangled by an orc warrior
             ... wielding a +0 hand axe
              (10 damage)
             ... on level 2 of the Dungeon.
             The game lasted 00:04:29 (4246 turns).

Gargoyl the Skirmisher (Gnoll Abyssal Knight)       Turns: 4246, Time: 00:04:29

Health: -7/53      AC:  9    Str: 23    XL:     6   Next: 37%
Magic:  9/9        EV:  9    Int: 14    God:    Lugonu [**....]
Gold:   168        SH:  0    Dex: 14    Spells: 8/8 levels left

rFire    + . .     SeeInvis .   a - +1 hand axe
rCold    . . .     Faith    .   (no shield)
rNeg     . . .     Spirit   .   l - +0 chain mail
rPois    .         Reflect  .   (no helmet)
rElec    .         Harm     .   (no cloak)
rCorr    .                      (no gloves)
MR       .....                  (no boots)
Stlth    ..........             (no amulet)
HPRegen  0.17/turn              c - ring of protection from fire
MPRegen  0.11/turn              i - +6 ring of strength

@: no status effects
A: distributed training, fangs 1, strong nose
a: Depart the Abyss, Bend Space, Renounce Religion


You were on level 2 of the Dungeon.
You worshipped Lugonu.
Lugonu was pleased with you.
You visited 1 branch of the dungeon, and saw 3 of its levels.
You visited the Abyss 1 time.

You collected 168 gold pieces.

Inventory:

Hand Weapons
 a - a +1 hand axe (weapon)
Missiles
 g - 5 boomerangs (quivered)
Armour
 l - a +0 chain mail (worn)
Jewellery
 c - a ring of protection from fire (left hand)
 i - a +6 ring of strength (right hand)
 k - an uncursed ring of see invisible
Wands
 n - a wand of random effects (12)
Scrolls
 d - a scroll of identify
 e - 2 scrolls of fog
 f - 2 scrolls of blinking {unknown}
 j - 3 scrolls of teleportation
 m - a scroll of enchant weapon {unknown}
Potions
 h - a potion of brilliance


   Skills:
 + Level 6.8 Fighting
 + Level 1.9 Short Blades
 + Level 1.9 Long Blades
 + Level 5.0 Axes
 + Level 1.9 Maces & Flails
 + Level 1.9 Polearms
 + Level 1.9 Staves
 + Level 1.9 Slings
 + Level 1.9 Bows
 + Level 1.9 Crossbows
 + Level 1.9 Throwing
 + Level 5.0 Armour
 + Level 3.2 Dodging
 + Level 1.9 Stealth
 + Level 1.9 Shields
 + Level 1.9 Unarmed Combat
 + Level 1.9 Spellcasting
 + Level 1.5 Conjurations
 + Level 1.5 Hexes
 + Level 1.5 Summonings
 + Level 1.5 Necromancy
 + Level 1.5 Translocations
 + Level 1.5 Transmutations
 + Level 1.5 Fire Magic
 + Level 1.5 Ice Magic
 + Level 1.5 Air Magic
 + Level 1.5 Earth Magic
 + Level 1.5 Poison Magic
 + Level 5.0 Invocations
 + Level 1.9 Evocations


You had 8 spell levels left.
You didn't know any spells.
Your spell library was empty.

Dungeon Overview and Level Annotations

Branches:
Dungeon (3/15)

Altars:
Hepliaklqana


Innate Abilities, Weirdness & Mutations

Your experience applies equally to all skills.
You have very sharp teeth.
Your uncanny sense of smell can sniff out nearby items.


Message History

You hit the orc warrior but do no damage.
The orc warrior is moderately wounded.
The orc warrior barely misses you.
It was a potion of cancellation.
You feel magically purged.
The orc warrior hits you with a +0 hand axe!
* * * LOW HITPOINT WARNING * * *
Okay, then.
Things that are here:
a +0 dagger; a +0 club; an orc corpse You see here a +0 club.
Things that are here:
a cursed -3 club; a kobold corpse You see here 5 arrows.
There is an escape hatch in the ceiling here.
The orc warrior completely misses you. A mysterious force pulls you upwards.
The hatch slams shut behind you.
The orc warrior hits you with a +0 hand axe.
* * * LOW HITPOINT WARNING * * *
The orc warrior hits you with a +0 hand axe!
You die...

.#.#.....# #)......#########
.#.#.....# ##................
.#.'.....# ##.....#.#########.
'#.#.....# #...####.########..
.....#.### ###.#.# #.##≈#.≈.#.≈
...#.#.## ###.._..# #.#..#≈≈.#..
...#.#..# #...#.### #.#.≈#.≈≈#≈≈
'#.#.#..###.....o#####..≈≈≈≈.≈♣.♣
.#.#.#..#≈#.....@#.........≈.≈≈.≈
.#.#.#..≈≈≈.............≈≈≈.≈.≈.≈
.#.#.#..≈≈#....#....<#...≈≈♣.....
.#.#.##≈≈.#....#########≈.≈≈.≈≈..
.#.#...≈≈................≈.....#.
.#.#.##≈.......##########..≈.≈.#.
.#.....≈.......# ####.....
.###.##≈≈####### #######.###. .#
#.#≈≈.#...# #...........


You could see an orc warrior.

Vanquished Creatures
  An orc wizard (D:3)
  2 orc priests (D:3)
  Ijyb (D:3)
  A hound zombie (D:2)
  3 adders
  4 gnolls
  2 oozes (D:3)
  2 worms (D:2)
  A dart slug (D:1)
  3 leopard geckos
  11 orcs (D:3)
  2 ball pythons (D:2)
  5 giant cockroaches
  12 goblins
  4 hobgoblins
  7 kobolds
  12 bats
  4 frilled lizards
  10 rats
87 creatures vanquished.

Notes
Turn   | Place    | Note
-------+----------+-------------------------------------------
     0 | Abyss:1  | Gargoyl the Gnoll Abyssal Knight began the quest for the
                  | Orb.
     0 | Abyss:1  | Reached XP level 1. HP: 23/23 MP: 3/3
   150 | Abyss:1  | Noticed a small abomination
   151 | Abyss:1  | Noticed a raiju
   152 | D:1      | Escaped the Abyss
   280 | D:1      | Reached XP level 2. HP: 27/29 MP: 5/5
   343 | D:1      | Reached * piety under Lugonu
  1016 | D:1      | Reached XP level 3. HP: 35/35 MP: 6/6
  1336 | D:2      | Found a hazy altar of Hepliaklqana.
  1487 | D:2      | Reached skill level 1 in Short Blades
  1487 | D:2      | Reached skill level 1 in Long Blades
  1487 | D:2      | Reached skill level 1 in Maces & Flails
  1487 | D:2      | Reached skill level 1 in Polearms
  1487 | D:2      | Reached skill level 1 in Staves
  1487 | D:2      | Reached skill level 1 in Slings
  1487 | D:2      | Reached skill level 1 in Bows
  1487 | D:2      | Reached skill level 1 in Crossbows
  1487 | D:2      | Reached skill level 1 in Throwing
  1487 | D:2      | Reached skill level 1 in Stealth
  1487 | D:2      | Reached skill level 1 in Shields
  1487 | D:2      | Reached skill level 1 in Unarmed Combat
  1487 | D:2      | Reached skill level 1 in Spellcasting
  1487 | D:2      | Reached skill level 1 in Evocations
  1563 | D:2      | Reached XP level 4. HP: 24/41 MP: 7/7
  1809 | D:2      | Reached ** piety under Lugonu
  2390 | D:3      | Reached skill level 1 in Conjurations
  2390 | D:3      | Reached skill level 1 in Hexes
  2390 | D:3      | Reached skill level 1 in Summonings
  2390 | D:3      | Reached skill level 1 in Necromancy
  2390 | D:3      | Reached skill level 1 in Translocations
  2390 | D:3      | Reached skill level 1 in Transmutations
  2390 | D:3      | Reached skill level 1 in Fire Magic
  2390 | D:3      | Reached skill level 1 in Ice Magic
  2390 | D:3      | Reached skill level 1 in Air Magic
  2390 | D:3      | Reached skill level 1 in Earth Magic
  2390 | D:3      | Reached skill level 1 in Poison Magic
  2394 | D:3      | HP: 3/61 [orc priest/divine providence (10)]
  2404 | D:3      | Reached XP level 5. HP: 6/47 MP: 8/8
  3731 | D:3      | Reached skill level 5 in Invocations
  3888 | D:3      | Reached XP level 6. HP: 51/53 MP: 9/9
  4085 | D:3      | Noticed Ijyb
  4098 | D:3      | Killed Ijyb
  4181 | D:3      | Noticed an orc warrior
  4195 | D:3      | Reached skill level 5 in Axes
  4195 | D:3      | Reached skill level 5 in Armour
  4246 | D:2      | Mangled by an orc warrior

Illustrated notes

Levels and vault maps discovered:
D:1:      wander_arrival_chamber, layout_basic, minmay_heptomino_d4
D:2:      layout_basic, lemuel_crystal_altar, serial_rivers,
          chequers_serial_rivers_small_a, chequers_serial_rivers_marsh,
          chequers_serial_rivers_marsh, chequers_serial_rivers_large_a,
          minmay_cupped
D:3:      layout_basic, guppyfry_early_orc_mine, uniq_ijyb, uniq_jessica

Skill      XL: |  1  2  3  4  5  6 |
---------------+-------------------+-----
Short Blades   | 1 |  1.9
Long Blades    | 1 |  1.9
Maces & Flails | 1 |  1.9
Polearms       | 1 |  1.9
Staves         | 1 |  1.9
Slings         | 1 |  1.9
Bows           | 1 |  1.9
Crossbows      | 1 |  1.9
Throwing       | 1 |  1.9
Stealth        | 1 |  1.9
Shields        | 1 |  1.9
Unarmed Combat | 1 |  1.9
Spellcasting   | 1 |  1.9
Evocations     | 1 |  1.9
Conjurations   | 1 |  1.5
Hexes          | 1 |  1.5
Summonings     | 1 |  1.5
Necromancy     | 1 |  1.5
Translocations | 1 |  1.5
Transmutations | 1 |  1.5
Fire Magic     | 1 |  1.5
Ice Magic      | 1 |  1.5
Air Magic      | 1 |  1.5
Earth Magic    | 1 |  1.5
Poison Magic   | 1 |  1.5
Dodging        | 3 |  3.2
Invocations    | 5 |  5.0
Axes           | 5 |  5.0
Armour         | 5 |  5.0
Fighting       | |  6.8

Action                   |  1- 3 |  4- 6 || total
-------------------------+-------+-------++-------
Melee: Hand axe          |   104 |   174 ||   278
       Bite              |     9 |    25 ||    34
       Punch             |       |     1 ||     1
Invok: Depart the Abyss  |     1 |       ||     1
  Use: Scroll            |     5 |     2 ||     7
       Potion            |       |     4 ||     4
 Stab: Sleeping          |     1 |       ||     1
Armor: Leather armour    |    48 |     7 ||    55
       Skin              |       |    14 ||    14
       Ring mail         |       |    24 ||    24
       Chain mail        |       |    24 ||    24
Dodge: Dodged            |    98 |   132 ||   230

Table legend: (Time is in decaauts)
 A = Elapsed time spent in this place.
 B = Non-inter-level travel time spent in this place.
 C = Inter-level travel time spent in this place.
 D = Time resting spent in this place.
 E = Time spent auto-exploring this place.
 F = Levels seen in this place.
 G = Mean time per level.
                   A        B        C        D        E       F      G
               +--------+--------+--------+--------+--------+-----+--------+
         Total |   4284 |   4230 |     54 |   1212 |   2150 |   4 | 1071.0 |
       Dungeon |   4132 |   4078 |     54 |   1212 |   2001 |   3 | 1377.3 |
         Abyss |    152 |    152 |      0 |      0 |    149 |   1 |  152.0 |
               +--------+--------+--------+--------+--------+-----+--------+

Top non-repeatable levels by time:
     D:2: 1916 daAuts
     D:3: 1321 daAuts
     D:1: 895 daAuts
 Abyss:1: 152 daAuts
